 Dungeon Crawl Stone Soup version 0.25-a0-731-g0472a16d6a (console) character file.

Game seed: 5345771833028088285, levelgen mode: deterministic

746 guttsta the Cleaver (level 7, 0/88 HPs)
             Began as a Minotaur Berserker on Apr 8, 2020.
             Was a Priest of Trog.
             Killed from afar by an electric eel (4 damage)
             ... with a bolt of electricity
             ... on level 6 of the Dungeon on Apr 9, 2020.
             The game lasted 00:15:32 (4322 turns).

guttsta the Cleaver (Minotaur Berserker)            Turns: 4322, Time: 00:15:32

Health: 0/88       AC: 13    Str: 23    XL:     7   Next: 48%
Magic:  0/6        EV:  7    Int:  4    God:    Trog [***...]
Gold:   217        SH:  0    Dex: 10    Spells: 6/6 levels left

rFire    . . .     SeeInvis +   r - +2 hand axe (vorpal)
rCold    . . .     Gourm    .   (no shield)
rNeg     . . .     Faith    .   e - +0 plate armour
rPois    .         Spirit   +   (helmet restricted)
rElec    .         Reflect  .   (no cloak)
rCorr    .         Harm     .   (no gloves)
MR       ++...                  (no boots)
Stlth    ..........             C - amulet of guardian spirit
HPRegen  1.24/turn              F - ring of see invisible
MPRegen  0.10/turn              w - +2 ring of protection

@: berserking, regenerating (expiring), very quick
A: retaliatory headbutt, horns 2
a: Berserk, Trog's Hand, Renounce Religion


You were on level 6 of the Dungeon.
You worshipped Trog.
Trog was most pleased with you.
You were very hungry.

You visited 1 branch of the dungeon, and saw 6 of its levels.

You collected 217 gold pieces.

Inventory:

Hand Weapons
 r - a +2 vorpal hand axe (weapon)
Armour
 e - a +0 plate armour (worn)
 A - the +10 tower shield of Ignorance {rN+ Int-4}
   (You found it on level 4 of the Dungeon)

   It affects your intelligence (-4).
   It protects you from negative energy.
Jewellery
 h - an uncursed ring of positive energy
 i - an uncursed ring of ice
 m - the cursed necklace of Bloodlust {*Rage +Rage MR++ Int-3 Slay+6 *Curse}
   (You found it on level 5 of the Dungeon)

   [amulet of rage]

   It affects your intelligence (-3).
   It affects your accuracy and damage with ranged weapons and melee attacks
   (+6).
   It affects your resistance to hostile enchantments.
   It lets you go berserk.
   It may make you go berserk in combat.
   It curses itself when equipped.
   It has a curse placed upon it.
 w - a +2 ring of protection (right hand)
 C - an amulet of guardian spirit (around neck)
 F - a ring of see invisible (left hand)
 G - a +2 ring of protection
Wands
 y - a wand of acid (10)
Scrolls
 f - a scroll of fear
 j - 5 scrolls of amnesia
 l - 7 scrolls of remove curse
 n - 2 scrolls of teleportation
 q - a scroll of enchant weapon
 t - a scroll of enchant armour
 u - a scroll of identify
 x - a scroll of noise
 B - a scroll of immolation
 D - a scroll of fog
Potions
 a - a potion of flight {unknown}
 b - 2 potions of heal wounds {unknown}
 d - a potion of lignification {unknown}
 g - 2 potions of berserk rage {unknown}
 k - a potion of cancellation {unknown}
 o - a potion of mutation {unknown}
 p - 5 potions of curing {unknown}
 s - 3 potions of degeneration {unknown}
 v - a potion of magic {unknown}
 z - a potion of stabbing {unknown}
 E - a potion of brilliance {unknown}
Comestibles
 c - 5 rations


   Skills:
 + Level 4.0 Fighting
 + Level 10.0 Axes
 + Level 3.1 Armour
 - Level 2.1 Dodging
 + Level 1.3 Stealth


You had 6 spell levels left.
You didn't know any spells.
Your spell library was empty.

Dungeon Overview and Level Annotations

Branches:
Dungeon (6/15)             Temple (0/1) D:4

Altars:
Cheibriados
Dithmenos
Okawaru
Vehumet
Yredelemnul
Zin

Shops:
D:4 *


Innate Abilities, Weirdness & Mutations

You reflexively headbutt those who attack you in melee.
You have a pair of horns on your head.


Message History

* * * LOW HITPOINT WARNING * * *
The bolt of electricity hits you.
* * * LOW HITPOINT WARNING * * *
The bolt of electricity hits the electric eel.
The electric eel completely resists.
Your plate armour prevents you from hitting the electric eel.
The electric eel is almost dead.
A red film seems to cover your vision as you go berserk!
You feel yourself moving faster!
You feel mighty!
You are feeling very hungry.
You miss the electric eel. Your headbutt misses the electric eel.
The electric eel is almost dead.
You feel the effects of Trog's Hand fading.
You barely miss the electric eel. Your headbutt misses the electric eel.
The electric eel is almost dead.
The electric eel shoots out a bolt of lightning at you!
The bolt of electricity hits you.
* * * LOW HITPOINT WARNING * * *
The bolt of electricity hits you.
You die...

#######.....≈≈≈≈≈.
#...........≈≈≈≈..
#..........≈≈≈≈≈P.
#..........≈≈≈≈≈≈.
#..........≈≈≈≈≈..
###........P≈≈≈≈..
#.........≈≈≈P≈.
#.........≈≈≈...
#...###.@;≈≈≈≈..
###.# #..≈≈≈≈≈..
### ##.≈.≈≈...
#..≈≈≈...
..≈≈≈≈≈..
.≈≈≈≈≈≈≈.
..≈≈≈≈≈≈.
..P≈≈≈≈≈≈.


You could see an electric eel.

Vanquished Creatures
  An orc warrior (D:6)
  An ogre (D:6)
  A hound (D:4)
  2 orc wizards (D:4)
  3 orc priests
  A bullfrog skeleton (D:5)
  2 iguanas
  5 worker ants
  A worker ant zombie (D:3)
  2 adders
  3 gnolls (D:3)
  2 oozes
  3 worms
  5 dart slugs
  6 leopard geckos
  16 orcs
  2 ball pythons
  5 giant cockroaches
  8 goblins
  6 hobgoblins
  2 jackals (D:3)
  A quokka (D:3)
  6 bats
  8 frilled lizards
  4 kobolds
  6 rats
  A plant (D:1)
103 creatures vanquished.

Notes
Turn   | Place    | Note
-------+----------+-------------------------------------------
     0 | D:1      | guttsta the Minotaur Berserker began the quest for the Orb.
     0 | D:1      | Reached XP level 1. HP: 19/19 MP: 0/0
    94 | D:1      | Reached skill level 4 in Axes
    98 | D:1      | Reached XP level 2. HP: 24/26 MP: 1/1
   782 | D:2      | Reached ** piety under Trog
   782 | D:2      | Reached skill level 5 in Axes
   786 | D:2      | Reached XP level 3. HP: 28/31 MP: 2/2
  1855 | D:3      | Reached XP level 4. HP: 28/39 MP: 3/3
  1857 | D:3      | Reached skill level 6 in Axes
  2442 | D:3      | Reached XP level 5. HP: 38/45 MP: 4/4
  2680 | D:3      | Found a glowing silver altar of Zin.
  2849 | D:4      | Reached skill level 7 in Axes
  2995 | D:4      | Reached *** piety under Trog
  3030 | D:4      | Reached skill level 8 in Axes
  3030 | D:4      | Reached XP level 6. HP: 51/51 MP: 5/5
  3112 | D:4      | Found a basalt altar of Yredelemnul.
  3148 | D:4      | Found the +10 tower shield of Ignorance {rN+ Int-4}
  3343 | D:4      | Found Xucot's General Store.
  3352 | D:4      | Reached skill level 1 in Stealth
  3370 | D:4      | Reached skill level 9 in Axes
  3542 | D:4      | Found a snail-covered altar of Cheibriados.
  3583 | D:4      | Found a staircase to the Ecumenical Temple.
  3638 | D:5      | Entered Level 5 of the Dungeon
  3639 | D:5      | Found an iron altar of Okawaru.
  3642 | D:5      | Found the cursed necklace of Bloodlust {*Rage +Rage MR++
                  | Int-3 Slay+6 *Curse}
  3851 | D:5      | Reached XP level 7. HP: 58/58 MP: 6/6
  3872 | D:5      | Found a shadowy altar of Dithmenos.
  4207 | D:6      | Found a radiant altar of Vehumet.
  4268 | D:6      | Reached skill level 10 in Axes
  4322 | D:6      | HP: 4/88 [electric eel/bolt of electricity (6)]
  4322 | D:6      | Killed from afar by an electric eel

Levels and vault maps discovered:
D:1:      psy_arrival_fountain, layout_basic
D:2:      layout_loops_ring, first_ration
D:3:      layout_basic, lemuel_round_altar
D:4:      layout_basic, lemuel_crystal_altar, lemuel_doored_altar,
          minmay_temple_entry_enclosed_plants, serial_shops,
          nicolae_shop_statue_plus
D:5:      layout_basic, old_standard_altar, okawaru_trees_2
D:6:      layout_basic, lemuel_round_altar, basic_altar, chequers_big_river,
          minivault_5

Skill      XL: |  1  2  3  4  5  6  7 |
---------------+----------------------+-----
Axes           | 4 5 6 8 9 10 | 10.0
Stealth        | 1 |  1.3
Fighting       | 4 |  4.0
Armour         | 3 |  3.1
Dodging        | |  2.1

Action                   |  1- 3 |  4- 6 |  7- 9 || total
-------------------------+-------+-------+-------++-------
Melee: Hand axe          |   134 |   133 |    20 ||   287
       Headbutt          |    28 |    27 |     3 ||    58
Invok: Trog's Hand       |     1 |     1 |     1 ||     3
       Berserk           |       |     1 |     1 ||     2
  Use: Scroll            |     5 |     5 |       ||    10
  Eat: Chunk             |     3 |     8 |     2 ||    13
Armor: Animal skin       |    13 |       |       ||    13
       Ring mail         |     9 |       |       ||     9
       Plate armour      |     1 |    56 |     2 ||    59
Dodge: Dodged            |    55 |    44 |     8 ||   107

Table legend:
 A = Non-vault XP
 B = Vault XP
 C = Vault XP percentage of total XP
 D = Non-vault monster count
 E = Vault monster count
 F = Vault count percentage of total count
                 A         B        C        D         E       F
            +---------+---------+-------+---------+---------+-------
      Total |    1066 |       0 |   0.0 |     102 |       0 |   0.0
            +---------+---------+-------+---------+---------+-------
        D:1 |      36 |       0 |   0.0 |      20 |       0 |   0.0
        D:2 |      50 |       0 |   0.0 |      18 |       0 |   0.0
        D:3 |     131 |       0 |   0.0 |      27 |       0 |   0.0
        D:4 |     419 |       0 |   0.0 |      25 |       0 |   0.0
        D:5 |     130 |       0 |   0.0 |       7 |       0 |   0.0
        D:6 |     300 |       0 |   0.0 |       5 |       0 |   0.0
            +---------+---------+-------+---------+---------+-------
